 Dungeon Crawl Stone Soup version 0.27.1-15-g792fb953b9 (webtiles) character file.

Game seed: 4248643730146824730

26 harvestpwn the Digger (level 3, 0/19 HPs)
             Began as a Gargoyle Earth Elementalist on Nov 18, 2021.
             Slain by a kobold (1 damage)
             ... on level 2 of the Dungeon.
             The game lasted 00:08:06 (1398 turns).

harvestpwn the Digger (Gargoyle Earth Elementalist) Turns: 1398, Time: 00:08:06

Health: 0/19       AC:  5    Str: 11    XL:     3   Next: 8%
Magic:  4/6        EV: 11    Int: 16    God:
Gold:   25         SH:  0    Dex: 10    Spells: 5/6 levels left

rFire    . . .     SeeInvis .   a - +0 short sword
rCold    . . .     Faith    .   (no shield)
rNeg     + . .     Spirit   .   b - +0 robe
rPois    ∞         Reflect  .   (no helmet)
rElec    +         Harm     .   (no cloak)
rCorr    .         Rampage  .   (no gloves)
Will     .....                  (no boots)
Stlth    ++........             (no amulet)
HPRegen  0.06/turn              (no ring)
MPRegen  0.10/turn              (no ring)

@: no status effects
A: sickness immunity, AC +3, negative energy resistance 1, electricity
resistance, torment resistance 1, petrification resistance
a: no special abilities


You were on level 2 of the Dungeon.
You visited 1 branch of the dungeon, and saw 2 of its levels.

You collected 25 gold pieces.

Inventory:

Hand Weapons
 a - a +0 short sword (weapon)
Missiles
 c - 20 stones
Armour
 b - a +0 robe (worn)
Scrolls
 h - a scroll of teleportation {unknown}
Potions
 d - a potion of attraction {unknown}
 e - a potion of brilliance {unknown}
 f - a potion of resistance {unknown}
 g - 2 potions of heal wounds {unknown}


   Skills:
 - Level 1.5 Dodging
 - Level 2.1 Stealth
 - Level 2.0 Spellcasting
 - Level 0.7 Transmutations
 + Level 5.0 Earth Magic


You had 5 spell levels left.
You knew the following spells:

 Your Spells              Type           Power      Damage    Failure   Level
a - Sandblast             Erth           34%        2d9       2%          1

Your spell library contained the following spells:

 Spells                   Type           Power      Damage    Failure   Level
 Passwall                 Tmut/Erth      8%         N/A       10%         2
 Stone Arrow              Conj/Erth      18%        3d8       22%         3
 Summon Guardian Golem    Hex/Summ       1%         N/A       52%         3
 Petrify                  Tmut/Erth      10%        N/A       54%         4
 Orb of Destruction       Conj           0%         N/A       100%        7
 Spellforged Servitor     Conj/Summ      0%         N/A       100%        7


Dungeon Overview and Level Annotations

Branches:
Dungeon (2/15)

Altars:


Innate Abilities, Weirdness & Mutations

You are immune to sickness and miasma.
Your stone body is resilient. (AC +3)
You are immune to poison.
You resist negative energy. (rN+)
You are resistant to electric shocks. (rElec)
You are resistant to unholy torment.
You are immune to petrification.


Message History

The black bear growls angrily.
The kobold shouts!
Casting: Sandblast (safe; 2% risk of failure)
Confirm with . or Enter, or press ? or * to list all spells.
You can't see any susceptible monsters within range! (Use Z to cast anyway.) Unknown command.
Unknown command.
An endoplasm comes into view.
Casting: Sandblast (safe; 2% risk of failure)
Confirm with . or Enter, or press ? or * to list all spells.
Aiming: Sandblast (safe; 2% risk of failure)
Press: ? - help, Shift-Dir - straight line, f - black bear
Aim: a black bear (85% to hit)
The blast of sand hits the black bear!
The black bear is heavily wounded.
Casting: Sandblast (safe; 2% risk of failure)
Confirm with . or Enter, or press ? or * to list all spells.
Aiming: Sandblast (safe; 2% risk of failure)
Press: ? - help, Shift-Dir - straight line, f/p - black bear
Aim: a black bear (heavily wounded, 85% to hit)
The blast of sand hits the black bear!
The black bear is almost dead.
You open the door.
The black bear goes berserk!
There is an open door here.
You barely miss the black bear.
The black bear is almost dead.
The black bear bites you but does no damage.
The black bear completely misses you. The black bear claws you.
The kobold barely misses you.
You hit the black bear.
The black bear is almost dead.
The black bear bites you but does no damage.
The black bear claws you but does no damage.
The black bear barely misses you. The black bear bites you!
The black bear claws you.
* * * LOW HITPOINT WARNING * * *
The black bear claws you.
* * * LOW HITPOINT WARNING * * *
The kobold hits you with a +0 whip.
You die...

#.........
#.........
##.........
#........
#......
#..J.#
#...##
#Kh..#
##@#.######
#.#......#
#....###.#
####.#<#
#...# #####


You could see a black bear (berserk), an endoplasm and a kobold.

Vanquished Creatures
  4 ball pythons (D:1)
  3 endoplasms (D:1)
  A goblin (D:1)
  3 hobgoblins (D:1)
  4 jackals (D:1)
  2 bats (D:1)
  2 frilled lizards (D:1)
  4 kobolds (D:1)
  A rat (D:1)
24 creatures vanquished.

Vanquished Creatures (others)
  2 plants (D:1)
2 creatures vanquished.

Grand Total: 26 creatures vanquished

Notes
Turn   | Place    | Note
-------+----------+-------------------------------------------
     0 | D:1      | harvestpwn the Gargoyle Earth Elementalist began the quest
                  | for the Orb.
     0 | D:1      | Reached XP level 1. HP: 10/10 MP: 3/3
   115 | D:1      | Reached skill level 4 in Earth Magic
   227 | D:1      | Reached XP level 2. HP: 15/15 MP: 1/5
   483 | D:1      | Found a faded altar of an unknown god.
  1181 | D:1      | Reached skill level 5 in Earth Magic
  1181 | D:1      | Reached XP level 3. HP: 19/19 MP: 6/6
  1385 | D:2      | Noticed a black bear
  1398 | D:2      | Slain by a kobold

Illustrated notes

Levels and vault maps discovered:
D:1:      sevenhm_arrival_forest_fort_small_6, layout_loops_ring,
          shapermc_ecumenical_altar_mp_urbaneastern, minmay_misc_feat_encased
D:2:      layout_basic, minivault_14

Skill      XL: |  1  2 |
---------------+-------+-----
Earth Magic    | 4 5 |  5.0
Dodging        | |  1.5
Stealth        | |  2.1
Spellcasting   | |  2.0
Transmutations | |  0.7

Action                   || total
-------------------------++-------
Melee: Short sword       ||    61
 Cast: Sandblast         ||    13
  Use: Scroll            ||     1
 Stab: Sleeping          ||     3
Armor: Robe              ||    24
Dodge: Dodged            ||    33
